 Dungeon Sprint DCSS version 0.17-a0-1718-g72dbe4d (webtiles) character file.

6242 Kidiri the Unseen (level 10, -2/43 (44) HPs)
             Began as a Spriggan Enchanter on Aug 25, 2015.
             Was a Believer of Dithmenos.
             Killed from afar by a crystal guardian (40 damage)
             ... with a crystal bolt
             ... in the Dungeon (Sprint II: "The Violet Keep of Menkaure").
             The game lasted 00:11:58 (1882 turns).

Kidiri the Unseen (Spriggan Enchanter)              Turns: 1882, Time: 00:11:59

HP:   -2/43 (44)    AC:  4    Str:  4    XL:     10   Next: 62%
MP:   25/25         EV: 34    Int: 21    God:    Dithmenos [**....]
Gold: 400           SH:  0    Dex: 21    Spells: 5 memorised, 24 levels left

rFire  . . .     SeeInvis +     a - +1 dagger
rCold  + + +     Clarity  .     c - +1 robe of the Wilderness {*Confuse rC+++ Int+2 Slay-2}
rNeg   . . .     SustAt   .     (shield restricted)
rPois  .         Gourm    .     (helmet restricted)
rElec  .         Spirit   .     b - +0 cloak
rCorr  .         Warding  .     (gloves unavailable)
rMut   .         NoTele   +     (boots unavailable)
MR     +....                    (no amulet)
Stlth  +++++++++.               (no ring)
                                f - ring "Qyfeg" {+Fly Dex+3}

@: lethally poisoned (-2 -> -24), flying, slowed, wreathed by umbra, quick,
somewhat resistant to hostile enchantments, incredibly stealthy
A: unfitting armour, see invisible, herbivore 3, speed 3, low mp 1, mutation
resistance 1, slow metabolism 2
a: Shadow Step, Renounce Religion, Stop Flying


You were in the Dungeon.
You worshipped Dithmenos.
Dithmenos was pleased with you.
You were full.

You visited 1 branch You collected 1315 gold pieces.
You spent 915 gold pieces at shops.

Inventory:

Hand weapons
 a - a +1 dagger (weapon)
Armour
 b - a +0 cloak (worn)
 c - the +1 robe of the Wilderness (worn) {*Confuse rC+++ Int+2 Slay-2}
   (You bought it in a shop in the Dungeon)

   It affects your intelligence (+2).
   It affects your accuracy and damage with ranged weapons and melee attacks
   (-2).
   It renders you almost immune to cold.
   It may confuse you when you take damage.
Jewellery
 f - the ring "Qyfeg" (left hand) {+Fly Dex+3}
   (You bought it in a shop in the Dungeon)

   [ring of flight]

   It affects your dexterity (+3).
   It lets you fly.
Scrolls
 j - a scroll of blinking
 k - a scroll of identify
Potions
 e - 4 potions of curing
 g - a potion of haste
 h - a potion of magic
 i - a potion of heal wounds


   Skills:
 + Level 9.2 Short Blades
 * Level 15.8 Dodging
 * Level 17.1 Stealth
 * Level 13.6 Spellcasting
 + Level 5.9 Conjurations
 + Level 10.5 Hexes
 + Level 6.4 Ice Magic
 - Level 3.3 Invocations


You had 24 spell levels left.
You knew the following spells:

 Your Spells              Type           Power        Failure   Level  Hunger
a - Corona                Hex            ######.      1%          1    None
b - Ensorcelled Hibernat  Hex/Ice        #####.       1%          2    None
c - Confuse               Hex            ######..     1%          3    None
d - Tukima's Dance        Hex            ######..     1%          3    None
e - Dazzling Spray        Conj/Hex       #####...     1%          3    None


Dungeon Overview and Level Annotations

Branches:
Dungeon (1/1)

Altars:
Cheibriados
Dithmenos
Elyvilon
Fedhas
Gozag
Kikubaaqudgha
Makhleb
Nemelex Xobeh
Okawaru
Qazlal
Ru
Sif Muna
Trog
Vehumet
Xom
Yredelemnul
Zin
The Shining One
Beogh
Jiyva
Lugonu

Shops:
D :}:}!%![(*?[=*!=

Annotations:
D exclusion: oklob plant, Kirke, Roxanne


Innate Abilities, Weirdness & Mutations

You are tiny and cannot use many weapons and most armour.
You have supernaturally acute eyesight.
You are a herbivore.
You cover ground extremely quickly.
You need consume almost no food.
Your magical capacity is low (-10% MP).
You are somewhat resistant to further mutation.


Message History

Found 3 lumpy orange potions.
The helpless swamp drake fails to defend itself.
You stick the swamp drake like a pincushion!!!!!
You kill the swamp drake!
Dithmenos accepts your kill.
Unknown command.
The swamp drake completely misses you.
The death drake roars!
Unknown command.
The death drake roars!
The death drake breathes miasma at you. The foul vapour misses you.
Unknown command.
You are engulfed in dark miasma.
You are poisoned.
You feel your flesh rotting away!
You feel yourself slow down.
You feel sick.
The crystal guardian fires a crystalline bolt at you.
The crystal bolt burns you!
Ouch! That really hurt!
You die...

§§§§.§..##++##,,,+,,,*,,,*,,,,,**
zzzz§§.##§...###,*,,,************
zzzzz,*#§≈(...(##*,,,*≈≈≈≈≈≈≈≈***
++#+++#####(...#k##,,************
.......#.)+...(#.k#,,*,,,,,,,,**,
##+##..#..####.#k8#,,*,,,,,,,,**,
#.#.##.####..§§##§#,,*,,,,,,,,**,
..#..#....#..#§§§####*,,,,,,,,**,
#.#.####..#####§@##.#*,)?[,,,,**,
##'###.##..#%%+§§#..#▓$?())%,,**,
##.##...#..#..#§^#..#▓($$?!%(,**,
'.<.'.#.+..####..##(#▓!(([??!,**,
##.##.).#.§..###...##▓▓▓▓▓▓▓+****
##'###.##......≈≈≈≈≈≈≈≈≈≈≈≈≈,,,≈≈
#...####≈≈...§.≈#+########+###,≈≈
..#..#≈≈≈≈≈≈≈..≈#....._._#§≈≈#*≈≈
#.#.##≈≈≈≈§≈§§§≈#...._._.#§§§≈***


You could see a crystal guardian and a swamp drake.

Vanquished Creatures
  A deep elf master archer (D)
  An iron elemental (D)
  3 griffons (D)
  A siren (D)
  A yaktaur (D)
  3 polar bears (D)
  2 boulder beetles (D)
  Menkaure (D)
  3 hippogriffs (D)
  A swamp drake (D)
  4 necrophages (D)
  A wasp (D)
  4 brain worms (D)
  A hell rat (D)
27 creatures vanquished.

Vanquished Creatures (others)
  A crocodile (D)
1 creature vanquished.

Grand Total: 28 creatures vanquished

Notes
Turn   | Place    | Note
--------------------------------------------------------------
     0 | D        | Kidiri the Spriggan Enchanter began the quest for the Orb.
     0 | D        | Reached XP level 1. HP: 9/9 MP: 5/5
     1 | D        | Noticed a boulder beetle
     1 | D        | Noticed a boulder beetle
     4 | D        | Noticed a brain worm
     4 | D        | Noticed a brain worm
     4 | D        | Noticed a brain worm
     4 | D        | Noticed a brain worm
     7 | D        | Killed a brain worm
     7 | D        | Reached skill level 6 in Dodging
     7 | D        | Reached skill level 7 in Stealth
     7 | D        | Reached skill level 5 in Spellcasting
     7 | D        | Reached XP level 2. HP: 7/13 MP: 6/9
     7 | D        | Reached XP level 3. HP: 8/16 MP: 6/10
     7 | D        | Reached XP level 4. HP: 10/21 MP: 7/12
    13 | D        | Learned a level 2 spell: Ensorcelled Hibernation
    17 | D        | Learned a level 3 spell: Confuse
    21 | D        | Learned a level 3 spell: Tukima's Dance
    25 | D        | Learned a level 3 spell: Dazzling Spray
    61 | D        | Killed a crocodile
   168 | D        | Killed a brain worm
   168 | D        | Reached skill level 8 in Stealth
   168 | D        | Reached skill level 1 in Conjurations
   168 | D        | Reached skill level 5 in Hexes
   168 | D        | Reached skill level 1 in Ice Magic
   168 | D        | Reached XP level 5. HP: 24/24 MP: 12/14
   175 | D        | Killed a brain worm
   175 | D        | Reached skill level 9 in Stealth
   282 | D        | Killed a brain worm
   282 | D        | Reached skill level 10 in Stealth
   282 | D        | Reached XP level 6. HP: 28/28 MP: 13/17
   314 | D        | Noticed a siren
   317 | D        | Noticed a necrophage
   317 | D        | Noticed a necrophage
   317 | D        | Noticed a necrophage
   317 | D        | Noticed a necrophage
   353 | D        | Killed a necrophage
   353 | D        | Reached skill level 5 in Short Blades
   358 | D        | Killed a necrophage
   358 | D        | Reached skill level 10 in Dodging
   358 | D        | Reached skill level 11 in Stealth
   361 | D        | Killed a necrophage
   361 | D        | Reached XP level 7. HP: 25/32 MP: 1/20
   368 | D        | Killed a necrophage
   612 | D        | Killed a siren
   612 | D        | Reached skill level 12 in Stealth
   635 | D        | Killed a boulder beetle
   635 | D        | Reached skill level 10 in Spellcasting
   635 | D        | Reached XP level 8. HP: 36/36 MP: 19/23
   658 | D        | Killed a boulder beetle
   658 | D        | Reached skill level 13 in Stealth
   684 | D        | Noticed a flying skull
   684 | D        | Noticed a flying skull
   685 | D        | Noticed a flying skull
   685 | D        | Noticed a flying skull
   685 | D        | Noticed a flying skull
   685 | D        | Noticed a flying skull
   686 | D        | Noticed Menkaure
   687 | D        | Noticed a flying skull
   688 | D        | Noticed a flying skull
   689 | D        | Noticed a flying skull
   689 | D        | Noticed a flying skull
   690 | D        | Killed Menkaure
   691 | D        | Noticed a flying skull
   692 | D        | Noticed a flying skull
   693 | D        | Found Mutyt's Jewellery Shoppe.
   693 | D        | Noticed Kirke
   693 | D        | Noticed a yaktaur captain
   693 | D        | Noticed a kobold demonologist
   740 | D        | Noticed Roxanne
   750 | D        | Found Sareiquwn's Distillery.
   750 | D        | Found Saus Qasex's Jewellery Shoppe.
   751 | D        | Found Lepi's General Store.
   751 | D        | Found Toerobb's Antique Weapon Emporium.
   751 | D        | Found Waannani's Antique Armour Shoppe.
   752 | D        | Noticed a hell rat
   754 | D        | Killed a hell rat
   759 | D        | Found Lyucume's Food Emporium.
   759 | D        | Found Lobini Naum's Distillery.
   768 | D        | Found Noofeuno's Antique Armour Shoppe.
   768 | D        | Found Xifine's Gadget Emporium.
   769 | D        | Found Vinnac's Book Shoppe.
   769 | D        | Found Upsesk's Gadget Emporium.
   770 | D        | Found Caot's General Store.
   770 | D        | Found Caebelou's Distillery.
   770 | D        | Noticed a black bear
   771 | D        | Found Cefer Gil's Magic Scroll Emporium.
   773 | D        | Noticed a black bear
   773 | D        | Noticed a black bear
   773 | D        | Noticed an oklob plant
   774 | D        | Found Ymouz's Book Shoppe.
   777 | D        | Noticed an ice dragon
   781 | D        | Noticed a spiny frog
   791 | D        | Bought a heavily jewelled robe for 96 gold pieces
   801 | D        | Identified the cursed +1 robe of the Wilderness {*Confuse rC+++ Int+2 Slay-2} (You bought it in a shop in the Dungeon)
   810 | D        | Bought the ring "Qyfeg" {+Fly Dex+3} for 338 gold pieces
   816 | D        | Bought a glowing rapier for 116 gold pieces
   823 | D        | Bought a scroll of identify for 28 gold pieces
   823 | D        | Bought a scroll of remove curse for 42 gold pieces
   830 | D        | Bought a scroll of magic mapping for 42 gold pieces
   832 | D        | Bought a cloak for 81 gold pieces
   842 | D        | Noticed a spiny frog
   843 | D        | Bought a potion of mutation for 32 gold pieces
   850 | D        | Bought a potion of curing for 30 gold pieces
   850 | D        | Bought a potion of heal wounds for 50 gold pieces
   850 | D        | Bought a potion of curing for 30 gold pieces
   850 | D        | Bought a potion of curing for 30 gold pieces
   856 | D        | Gained mutation: Your magical capacity is low (-10% MP). [potion of mutation]
   856 | D        | Gained mutation: You are somewhat resistant to further mutation. [potion of mutation]
   880 | D        | Found a burning altar of Makhleb.
   881 | D        | Found a snail-covered altar of Cheibriados.
   881 | D        | Found an ancient bone altar of Kikubaaqudgha.
   881 | D        | Found a corrupted altar of Lugonu.
   882 | D        | Found a glowing golden altar of the Shining One.
   882 | D        | Found an opulent altar of Gozag.
   882 | D        | Found a deep blue altar of Sif Muna.
   883 | D        | Found a stormy altar of Qazlal.
   883 | D        | Found a viscous altar of Jiyva.
   883 | D        | Found a shadowy altar of Dithmenos.
   884 | D        | Found a roughly hewn altar of Beogh.
   884 | D        | Found a bloodstained altar of Trog.
   885 | D        | Found a sparkling altar of Nemelex Xobeh.
   885 | D        | Found a basalt altar of Yredelemnul.
   885 | D        | Found a sacrificial altar of Ru.
   886 | D        | Noticed a yaktaur
   886 | D        | Noticed a wasp
   886 | D        | Noticed a polar bear
   887 | D        | Noticed a polar bear
   887 | D        | Noticed a polar bear
   897 | D        | Killed a polar bear
   902 | D        | Killed a polar bear
   902 | D        | Reached skill level 14 in Stealth
   904 | D        | Killed a wasp
   906 | D        | Killed a yaktaur
   906 | D        | Reached XP level 9. HP: 31/39 MP: 7/23
   912 | D        | Killed a polar bear
   912 | D        | Reached skill level 5 in Ice Magic
   928 | D        | Found a glowing silver altar of Zin.
   930 | D        | Found a shimmering altar of Xom.
   930 | D        | Found an iron altar of Okawaru.
   930 | D        | Found a white marble altar of Elyvilon.
   931 | D        | Found a radiant altar of Vehumet.
   931 | D        | Found a blossoming altar of Fedhas.
   940 | D        | Noticed a crocodile
   941 | D        | Became a worshipper of Dithmenos the Shadowed
   980 | D        | Noticed a hippogriff
   980 | D        | Noticed a hippogriff
   981 | D        | Noticed a hippogriff
   983 | D        | Killed a hippogriff
   985 | D        | Killed a hippogriff
   985 | D        | Reached skill level 1 in Invocations
   991 | D        | Killed a hippogriff
   991 | D        | Reached skill level 15 in Stealth
  1003 | D        | Noticed a griffon
  1004 | D        | Noticed a griffon
  1004 | D        | Noticed a griffon
  1005 | D        | Killed a griffon
  1005 | D        | Reached skill level 5 in Conjurations
  1007 | D        | Killed a griffon
  1008 | D        | Killed a griffon
  1008 | D        | Acquired Dithmenos's first power
  1052 | D        | Noticed a deep elf master archer
  1055 | D        | Noticed an iron elemental
  1058 | D        | Killed an iron elemental
  1058 | D        | Reached skill level 16 in Stealth
  1058 | D        | Reached XP level 10. HP: 44/44 MP: 25/25
  1562 | D        | Killed a deep elf master archer
  1562 | D        | Reached skill level 15 in Dodging
  1562 | D        | Reached skill level 17 in Stealth
  1562 | D        | Reached skill level 10 in Hexes
  1876 | D        | Noticed a death drake
  1876 | D        | Noticed a swamp drake
  1877 | D        | Noticed a death drake
  1877 | D        | Noticed a crystal guardian
  1877 | D        | Noticed a swamp drake
  1878 | D        | Killed a swamp drake
  1882 | D        | Killed from afar by a crystal guardian

Vault maps used:
D:        the_violet_keep_of_menkaure

Action                   |  1- 3 |  4- 6 |  7- 9 | 10-12 || total
-------------------------+-------+-------+-------+-------++-------
Melee: Dagger            |     2 |    21 |    42 |    10 ||    75
 Cast: Ensorcelled Hiber |       |     7 |     3 |     1 ||    11
       Dazzling Spray    |       |     7 |     1 |     2 ||    10
       Corona            |       |     1 |       |       ||     1
       Confuse           |       |       |     6 |     2 ||     8
 Abil: Evoke Flight      |       |       |       |     4 ||     4
  Use: Potion            |       |     3 |     2 |       ||     5
       Scroll            |       |       |     2 |       ||     2
 Stab: Sleeping          |     1 |     3 |    13 |     1 ||    18
       Invisible         |       |       |     1 |     1 ||     2
       Confused          |       |       |     6 |       ||     6
       Distracted        |       |       |       |     1 ||     1
  Eat: Bread ration      |       |       |       |     1 ||     1
